AoeStats
← wolololigma

Fortress

509536858Analyzed
3v3 RM · 5d ago on Sep 27, 2026· 64m 48s· 6 players
Game mode
Random Map
Map size
Large (8 player)
Population
200
Speed
Normal
Resources
Standard
Victory
Conquest
Starting age
Dark Age
Ending age
Imperial Age
RankedLock teamsTeams togetherTeam positionsShared explorationLock speedFull tech treeHidden civsTurbo modeCheats
Victory
Defeat
🇺🇸 Georgians · United States
1134
+14
🇺🇸 Varangians · United States
1127
+14
🇺🇸 Teutons · United States
1032
+18
🇺🇸 Teutons · United States
1165
-20
🇰🇷 Ethiopians · South Korea
1078
-15
🇰🇷 Franks · South Korea
986
-11
ValakOO
8:32 Feudal Age
10:36 Double-Bit Axe
13:10 Castle Age
11:03 Horse Collar
17:37 Wheelbarrow
17:48 Bow Saw
24:41 Imperial Age
22:17 Stone Mining
22:18 Gold Mining
22:16 Loom
24:02 Padded Archer Armor
23:53 Fletching
24:04 Scale Mail Armor
24:14 Forging
23:28 Crossbowman
25:02 Hand Cart
25:32 Gold Shaft Mining
24:51 Arbalester
26:15 Chain Mail Armor
26:46 Leather Archer Armor
26:53 Fortified Wall
27:04 Ballistics
27:17 Bodkin Arrow
28:24 Plate Mail Armor
28:29 Iron Casting
28:20 Squires
28:06 Arson
29:38 Chemistry
29:07 Masonry
30:21 Two-Man Saw
29:26 Heavy Plow
30:32 Ring Archer Armor
30:12 Bracer
29:57 Halberdier
33:10 Blast Furnace
34:07 Conscription
33:52 Torsion Engines
34:57 Thumb Ring
40:08 Elite Shotel Warrior
minoton
7:09 Feudal Age
11:17 Castle Age
11:55 Double-Bit Axe
11:51 Horse Collar
18:29 Bow Saw
18:24 Loom
19:20 Wheelbarrow
18:56 Heavy Plow
20:28 Gold Mining
21:54 Hand Cart
25:17 Imperial Age
22:38 Town Watch
24:03 Scale Barding Armor
24:09 Forging
24:11 Bloodlines
26:06 Chain Barding Armor
26:22 Iron Casting
26:02 Masonry
26:03 Fortified Wall
26:06 Masonry
27:06 Two-Man Saw
26:38 Crop Rotation
25:59 Stone Mining
26:33 Conscription
26:34 Town Patrol
27:37 Chemistry
26:00 Cavalier
26:32 Fletching
28:15 Stone Shaft Mining
28:57 Paladin
30:51 Plate Barding Armor
31:17 Blast Furnace
30:20 Scale Mail Armor
30:48 Crenellations
30:39 Arrowslits
31:19 Ballistics
31:35 Caravan
31:49 Guilds
42:53 Man-at-Arms
43:36 Squires
43:21 Gambesons
43:53 Chain Mail Armor
44:17 Hoardings
47:59 Siege Engineers
48:15 Bombard Tower
56:46 Elite Teutonic Knight
zxthanhloc
8:03 Feudal Age
11:00 Wheelbarrow
11:00 Double-Bit Axe
13:36 Castle Age
11:55 Gold Mining
12:21 Stone Mining
14:36 Hand Cart
15:27 Bow Saw
16:58 Gold Shaft Mining
16:13 Loom
18:18 Forging
18:14 Scale Barding Armor
18:03 Fletching
18:14 Padded Archer Armor
21:36 Scale Barding Armor
25:41 Imperial Age
24:16 Chain Barding Armor
24:35 Bodkin Arrow
25:16 Iron Casting
24:57 Leather Archer Armor
27:08 Plate Barding Armor
26:54 Cavalier
28:05 Pikeman
28:45 Squires
30:20 Blast Furnace
30:32 Scale Mail Armor
29:56 Halberdier
32:20 Paladin
40:22 Chain Mail Armor
40:50 Masonry
44:56 Coinage
44:44 Caravan
48:13 Chemistry
46:47 Elite Skirmisher
48:19 Banking
49:56 Plate Mail Armor
53:32 Architecture
59:11 Man-at-Arms
59:37 Gambesons
wolololigma
2:16 Loom
7:30 Feudal Age
9:39 Double-Bit Axe
9:36 Horse Collar
15:56 Castle Age
15:52 Wheelbarrow
15:44 Stone Mining
15:50 Gold Mining
15:53 Arson
17:41 Bow Saw
17:33 Heavy Plow
21:19 Hand Cart
22:59 Caravan
26:45 Imperial Age
24:49 Fortified Wall
28:08 Ballistics
29:28 Conscription
29:52 Fletching
30:02 Padded Archer Armor
30:12 Forging
30:03 Scale Mail Armor
31:49 Two-Man Saw
31:21 Crop Rotation
30:38 Elite Skirmisher
31:56 Pikeman
32:37 Squires
33:11 Halberdier
34:36 Iron Casting
34:17 Chain Mail Armor
33:57 Bodkin Arrow
34:17 Leather Archer Armor
34:10 Scale Barding Armor
34:24 Cavalier
41:23 Ring Archer Armor
44:17 Chemistry
51:08 Elite Teutonic Knight
52:09 Ironclad
52:09 Elite Teutonic Knight
53:29 Cavalier
56:37 Paladin
FrenchFryd
7:26 Feudal Age
12:04 Castle Age
10:03 Double-Bit Axe
10:32 Horse Collar
15:17 Wheelbarrow
16:33 Loom
17:30 Hand Cart
18:00 Heavy Plow
20:53 Fervor
22:17 Bow Saw
21:58 Gold Mining
22:00 Stone Mining
26:48 Imperial Age
25:21 Forging
25:17 Scale Barding Armor
27:53 Fortified Wall
28:36 Crop Rotation
29:13 Chemistry
28:25 Bloodlines
28:15 Husbandry
28:42 Conscription
29:26 Elite Monaspa
32:15 Caravan
32:45 Guard Tower
33:37 Iron Casting
33:22 Chain Barding Armor
32:29 Light Cavalry
33:11 Fletching
37:15 Blast Furnace
38:16 Plate Barding Armor
40:33 Parthian Tactics
40:21 Bodkin Arrow
40:26 Padded Archer Armor
40:54 Ballistics
40:44 Svan Towers
41:51 Bracer
42:06 Leather Archer Armor
43:02 Heavy Cavalry Archer
45:22 Aznauri Cavalry
46:53 Hussar
50:00 Masonry
49:41 Pikeman
50:21 Squires
50:53 Halberdier
51:38 Scale Mail Armor
57:24 Chain Mail Armor
65:00 Keep
64:12 Arrowslits
Squatch360
7:26 Feudal Age
11:11 Castle Age
9:21 Double-Bit Axe
10:22 Horse Collar
13:34 Bow Saw
14:50 Wheelbarrow
14:53 Loom
19:21 Hand Cart
24:25 Imperial Age
22:19 Heavy Plow
23:21 Stone Mining
23:46 Forging
23:42 Scale Barding Armor
24:20 Husbandry
24:31 Bloodlines
23:48 Vendel Legacy
24:23 Treadmill Crane
24:55 Fortified Wall
25:10 Squires
24:56 Gambesons
25:45 Crop Rotation
25:46 Caravan
26:20 Fletching
27:47 Two-Man Saw
26:39 Cavalier
27:33 Masonry
28:16 Ballistics
29:23 Iron Casting
28:50 Scale Mail Armor
30:01 Elite Varangian Guard
31:34 Arson
31:12 Gothikon
33:21 Blast Furnace
32:38 Chain Mail Armor
32:06 Light Cavalry
33:45 Chain Barding Armor
34:45 Guilds
36:24 Plate Mail Armor
37:11 Architecture
37:42 Chemistry
37:21 Conscription
38:57 Plate Barding Armor
39:37 Hussar
41:42 Bodkin Arrow
42:33 Siege Engineers
52:25 Man-at-Arms
60:11 Capped Ram
64:24 Bracer
64:25 Murder Holes
Connection lost

Rejoining the realm…

Still unreachable

The connection could not be restored.

Session expired

The server has moved on; the page needs a fresh start.